 Dungeon Crawl Stone Soup version 0.23-a0-703-gdf2d5e0 (console) character file.

111 bli the Chopper (level 5, -1/41 HPs)
             Began as a Formicid Abyssal Knight on Jan 13, 2019.
             Was a Believer of Lugonu.
             Slain by Grinder (5 damage)
             ... on level 3 of the Dungeon.
             The game lasted 00:07:44 (2222 turns).

bli the Chopper (Formicid Abyssal Knight)           Turns: 2222, Time: 00:07:44

Health: -1/41      AC:  3    Str: 18    XL:     5   Next: 15%
Magic:  6/6        EV: 11    Int: 11    God:    Lugonu [**....]
Gold:   130        SH:  0    Dex: 10    Spells: 4/4 levels left

rFire    . . .     SeeInvis +   a - +1 hand axe
rCold    . . .     Gourm    .   (no shield)
rNeg     . . .     Faith    .   k - +0 leather armour
rPois    .         Spirit   .   (helmet unavailable)
rElec    .         Reflect  .   (no cloak)
rCorr    .         Harm     .   (no gloves)
MR       .....                  (no boots)
Stlth    +.........             (no amulet)
HPRegen  0.13/turn              (no ring)
MPRegen  0.10/turn              (no ring)

@: no status effects
A: permanent stasis, dig shafts and tunnels, four strong arms, antennae 3
a: Dig, Shaft Self, Depart the Abyss, Bend Space, Renounce Religion


You were on level 3 of the Dungeon.
You worshipped Lugonu.
Lugonu was pleased with you.
You were not hungry.

You visited 1 branch of the dungeon, and saw 3 of its levels.
You visited the Abyss 1 time.

You collected 130 gold pieces.

Inventory:

Hand Weapons
 a - a +1 hand axe (weapon)
 b - a +0 hunting sling
 d - a +0 hunting sling
 e - a +0 hunting sling
 f - a +0 mace
 n - a +2 dagger of venom
 A - a +0 whip
Missiles
 j - 84 stones (quivered)
 r - 18 sling bullets
Armour
 g - a +0 ring mail
 h - a +0 ring mail
 k - a +0 leather armour (worn)
 s - a +0 scale mail
Scrolls
 l - a scroll of immolation {unknown}
 m - 3 scrolls of fog {unknown}
 o - a scroll of fear {unknown}
 p - a scroll of enchant armour {unknown}
 t - a scroll of identify {unknown}
 v - a scroll of amnesia {unknown}
 y - a scroll of remove curse {unknown}
Potions
 i - a potion of might {unknown}
 q - 2 potions of curing {unknown}
 u - a potion of haste {unknown}
 w - a potion of heal wounds
 x - a potion of mutation {unknown}
 z - a potion of lignification {unknown}
Comestibles
 c - 3 rations


   Skills:
 + Level 3.3 Fighting
 * Level 4.7 Axes
 + Level 0.9 Slings
 - Level 2.1 Armour
 + Level 0.9 Dodging
 - Level 2.1 Invocations


You had 4 spell levels left.
You didn't know any spells.
Your spell library was empty.

Dungeon Overview and Level Annotations

Branches:
Dungeon (3/15)

Altars:
Okawaru

Annotations:
D:3 Grinder


Innate Abilities, Weirdness & Mutations

You cannot be hasted, slowed, berserked, paralysed or teleported.
You can dig through walls and to a lower floor.
Your four strong arms can wield two-handed weapons with a shield.
You have a pair of large antennae on your head. (SInv)


Message History

Grinder hits you!
You writhe in agony.
You hit Grinder.
Grinder is severely wounded.
The goblin hits you from afar with a +0 trident.
* * * LOW HITPOINT WARNING * * *
Grinder misses you.
You hit Grinder.
Grinder is almost dead.
The goblin closely misses you. Grinder gestures at you.
You resist with significant effort.
You barely miss Grinder.
Grinder is almost dead.
The goblin hits you from afar with a +0 trident.
* * * LOW HITPOINT WARNING * * *
Grinder says, "My boss said I was rubbish.
His entrails said otherwise."
Grinder hits you.
* * * LOW HITPOINT WARNING * * *
You writhe in agony.
You die...

#. .. {
###.#######
...(......#
.(........#
..(.......#
......(g..#
.(.....5..#
...(((..@.#
.........<+
..........#
..........#
#####.....§.
^.....§≈##
^≈#≈≈.≈##§(
.#.#≈(^^ ^§.
..#≈..≈ §§##
.^..≈.. ^≈#


You could see Grinder and a goblin.

Vanquished Creatures
  A crimson imp (D:2)
  2 adders (D:2)
  2 dart slugs (D:1)
  A leopard gecko (D:2)
  7 bats
  5 giant cockroaches
  3 goblins
  5 hobgoblins
  7 jackals (D:2)
  2 frilled lizards (D:2)
  5 kobolds (D:1)
  13 rats
53 creatures vanquished.

Notes
Turn   | Place    | Note
-------+----------+-------------------------------------------
     0 | Abyss:1  | bli the Formicid Abyssal Knight began the quest for the
                  | Orb.
     0 | Abyss:1  | Reached XP level 1. HP: 18/18 MP: 2/2
   100 | Abyss:1  | Noticed a wretched star
   111 | D:1      | Escaped the Abyss
   302 | D:1      | Reached XP level 2. HP: 13/24 MP: 3/3
   454 | D:1      | Reached skill level 3 in Axes
   484 | D:1      | HP: 1/24 [poisoned by a kobold]
   817 | D:1      | Reached * piety under Lugonu
   822 | D:1      | Reached XP level 3. HP: 26/29 MP: 4/4
  1327 | D:2      | Found an iron altar of Okawaru.
  1442 | D:2      | HP: 1/29 [crimson imp (2)]
  1450 | D:2      | Reached skill level 4 in Axes
  1450 | D:2      | Reached XP level 4. HP: 3/35 MP: 5/5
  1930 | D:2      | Reached ** piety under Lugonu
  1933 | D:2      | Reached XP level 5. HP: 28/41 MP: 6/6
  2201 | D:3      | Noticed Grinder
  2222 | D:3      | Slain by Grinder

Vault maps used:
D:1:      lemuel_arrival_tunnels, st_stairs_9, minmay_distorted
D:2:      okawaru_trees_1
D:3:      lemuel_coloured_pillars_altar, grunt_qazlal_sundering, uniq_jessica,
          uniq_grinder

Skill      XL: |  1  2  3 |
---------------+----------+-----
Axes           | 3 4 |  4.7
Fighting       | |  3.3
Slings         | |  0.9
Armour         | |  2.1
Dodging        | |  0.9
Invocations    | |  2.1

Action                   |  1- 3 |  4- 6 || total
-------------------------+-------+-------++-------
Melee: Hand axe          |   127 |    52 ||   179
 Fire: Hunting sling     |     9 |    10 ||    19
Throw: Stone             |       |     3 ||     3
Invok: Depart the Abyss  |     1 |       ||     1
 Abil: Dig               |     1 |     3 ||     4
  Eat: Chunk             |     1 |     4 ||     5
Armor: Leather armour    |    21 |    17 ||    38
Dodge: Dodged            |    80 |    58 ||   138

Table legend:
 A = Non-vault XP
 B = Vault XP
 C = Vault XP percentage of total XP
 D = Non-vault monster count
 E = Vault monster count
 F = Vault count percentage of total count
                 A         B        C        D         E       F
            +---------+---------+-------+---------+---------+-------
      Total |     153 |       6 |   3.8 |      49 |       4 |   7.5
            +---------+---------+-------+---------+---------+-------
        D:1 |      30 |       6 |  16.7 |      18 |       4 |  18.2
        D:2 |     123 |       0 |   0.0 |      31 |       0 |   0.0
            +---------+---------+-------+---------+---------+-------
